 Dungeon Crawl Stone Soup version 0.26-a0-964-g69f9a3b9e2 (webtiles) character file.

Game seed: 1731524656552069543

12 siradein the Firebug (level 2, 0/19 HPs)
             Began as a Human Fire Elementalist on Dec 3, 2020.
             Slain by an adder (1 damage)
             ... on level 4 of the Dungeon.
             The game lasted 00:03:31 (905 turns).

siradein the Firebug (Human Fire Elementalist)       Turns: 905, Time: 00:03:32

Health: 0/19       AC:  2    Str:  8    XL:     2   Next: 45%
Magic:  5/5        EV: 12    Int: 15    God:
Gold:   78         SH:  0    Dex: 13    Spells: 4/5 levels left

rFire    . . .     SeeInvis .   d - +0 dagger (elec)
rCold    . . .     Faith    .   (no shield)
rNeg     . . .     Spirit   .   a - +0 robe
rPois    .         Reflect  .   (no helmet)
rElec    .         Harm     .   (no cloak)
rCorr    .         Rampage  .   (no gloves)
MR       .....                  (no boots)
Stlth    ++........             (no amulet)
HPRegen  0.06/turn              (no ring)
MPRegen  0.09/turn              (no ring)

@: no status effects
A: no striking features
a: no special abilities


You were on level 4 of the Dungeon.
You visited 1 branch of the dungeon, and saw 3 of its levels.

You collected 78 gold pieces.

Inventory:

Hand Weapons
 d - a +0 dagger of electrocution (weapon)
Armour
 a - a +0 robe (worn)
Jewellery
 h - an uncursed ring of see invisible {unknown}
Scrolls
 b - 2 scrolls of identify {unknown}
 c - a scroll of fear {unknown}
 e - 3 scrolls of remove curse {unknown}
 i - 3 scrolls of noise {unknown}
 k - a scroll of magic mapping {unknown}
Potions
 f - a potion of resistance {unknown}
 g - a potion of haste {unknown}
 j - a potion of degeneration {unknown}
 l - a potion of cancellation {unknown}


   Skills:
 - Level 2.0 Dodging
 - Level 2.0 Stealth
 - Level 2.0 Spellcasting
 + Level 1.7 Conjurations
 + Level 3.3 Fire Magic


You had 4 spell levels left.
You knew the following spells:

 Your Spells              Type           Power        Failure   Level
a - Foxfire               Conj/Fire      #...         8%          1

Your spell library contained the following spells:

 Spells                   Type           Power        Failure   Level
 Conjure Flame            Conj/Fire      #.......     24%         3
 Inner Flame              Hex/Fire       #.......     32%         3
 Sticky Flame             Conj/Fire      #.......     61%         4
 Fireball                 Conj/Fire      #.........   91%         5


Dungeon Overview and Level Annotations

Branches:
Dungeon (2/15)

Altars:


Message History

* * * LOW HITPOINT WARNING * * *
You feel sick. The adder closely misses you.
Found a scroll labelled CAUPTOEDUV.
Found a stone staircase leading up.
* * * LOW HITPOINT WARNING * * *
You feel sick. The adder bites you but does no damage.
Found 17 gold pieces.
* * * LOW HITPOINT WARNING * * *
You feel sick.
Found a runed copper amulet.
The adder misses you.
Found 7 gold pieces.
There is a stone staircase leading up here.
* * * LOW HITPOINT WARNING * * *
You feel sick.
You are no longer poisoned.
The adder bites you.
You die...

..#####.###.###
#..............##
#####.#.........
#.(.#>..##.#
#.#.#.####.##
#.....# ...
#.#.#.###.#
#.#.#.oS..#
#......#@.#
###.............
###.#.?.....##
#.#.......#
....".......
##.#$......##
#.#..#......
..#..##$####


You could see an adder and an orc.

Vanquished Creatures
  3 goblins (D:1)
  2 hobgoblins (D:1)
  2 jackals (D:1)
  A kobold (D:1)
  A frilled lizard (D:2)
  A rat (D:1)
10 creatures vanquished.

Vanquished Creatures (others)
  19 foxfires
19 creatures vanquished.

Grand Total: 29 creatures vanquished

Notes
Turn   | Place    | Note
-------+----------+-------------------------------------------
     0 | D:1      | siradein the Human Fire Elementalist began the quest for
                  | the Orb.
     0 | D:1      | Reached XP level 1. HP: 13/13 MP: 3/3
   347 | D:1      | Reached XP level 2. HP: 18/19 MP: 3/5
   858 | D:2      | You fall into a shaft and drop 2 floors!
   905 | D:4      | Slain by an adder

Illustrated notes

Levels and vault maps discovered:
D:1:      scummos_arrival_gate, layout_loops_ring
D:2:      layout_loops_cross
D:4:      minmay_diamond_boxcup, layout_loops_ring, lemuel_round_altar

Action                   || total
-------------------------++-------
Melee: Dagger            ||    10
 Cast: Foxfire           ||    18
Armor: Robe              ||     3
Dodge: Dodged            ||    17

Table legend: (Time is in decaauts)
 A = Elapsed time spent in this place.
 B = Non-inter-level travel time spent in this place.
 C = Inter-level travel time spent in this place.
 D = Time resting spent in this place.
 E = Time spent auto-exploring this place.
 F = Levels seen in this place.
 G = Mean time per level.
                   A        B        C        D        E       F      G
               +--------+--------+--------+--------+--------+-----+--------+
         Total |    905 |    876 |     29 |      0 |    719 |   3 |  301.7 |
       Dungeon |    905 |    876 |     29 |      0 |    719 |   3 |  301.7 |
               +--------+--------+--------+--------+--------+-----+--------+

Top non-repeatable levels by time:
     D:1: 823 daAuts
     D:4: 46 daAuts
     D:2: 35 daAuts
